 Dungeon Crawl Stone Soup version 0.21-a0-529-g8c7b3f5 (webtiles) character file.

20 shroudfire the Skirmisher (level 2, 0/26 HPs)
             Began as a Draconian Berserker on Dec 9, 2017.
             Was a Follower of Trog.
             Slain by a worm (8 damage)
             ... on level 2 of the Dungeon.
             The game lasted 00:02:11 (558 turns).

shroudfire the Skirmisher (Draconian Berserker)      Turns: 558, Time: 00:02:12

Health: 0/26       AC:  4    Str: 19    XL:     2   Next: 58%
Magic:  2/2        EV: 13    Int:  7    God:    Trog [*.....]
Gold:   19         SH:  0    Dex: 10    Spells: 1/1 levels left

rFire    . . .     SeeInvis .   a - +0 falchion
rCold    . . .     Gourm    .   (no shield)
rNeg     . . .     Faith    .   (armour unavailable)
rPois    .         Spirit   .   (helmet restricted)
rElec    .         Reflect  .   (no cloak)
rCorr    .         Harm     .   (no gloves)
MR       .....                  (no boots)
Stlth    ++........             (no amulet)
HPRegen  0.08/turn              e - ring of stealth
MPRegen  0.08/turn              (no ring)

@: no status effects
A: unfitting armour, cold-blooded, AC +4
a: Berserk, Burn Spellbooks, Renounce Religion


You were on level 2 of the Dungeon.
You worshipped Trog.
Trog was aware of your devotion.
You were not hungry.

You visited 1 branch of the dungeon, and saw 2 of its levels.

You collected 19 gold pieces.

Inventory:

Hand Weapons
 a - a +0 falchion (weapon)
Jewellery
 e - a ring of stealth (left hand)
Scrolls
 c - a scroll of fear {unknown}
 f - a scroll of identify {unknown}
Comestibles
 b - 2 bread rations
 d - a royal jelly
 g - 2 fruits


   Skills:
 - Level 3.4 Fighting
 + Level 3.4 Long Blades
 + Level 3.1 Dodging


You had one spell level left.
You didn't know any spells.

Dungeon Overview and Level Annotations

Branches:
Dungeon (2/15)

Altars:


Innate Abilities, Weirdness & Mutations

Your plain brown scales are hard. (AC +4)
You cannot fit into any form of body armour.
You are cold-blooded and may be slowed by cold attacks.


Message History

The leopard gecko bites you. The leopard gecko closely misses you.
You riposte.
You closely miss the leopard gecko. You hit the leopard gecko.
The leopard gecko is almost dead.
The leopard gecko barely misses you.
You riposte.
You closely miss the leopard gecko.
The leopard gecko is almost dead.
You miss the leopard gecko.
The leopard gecko is almost dead.
The leopard gecko bites you.
You closely miss the leopard gecko.
The leopard gecko is almost dead.
The leopard gecko bites you.
The leopard gecko bites you but does no damage.
The leopard gecko bites you but does no damage.
The leopard gecko bites you but does no damage.
The worm bites you!
The goblin shouts!
The worm bites you!
You die...

..## .##.# g.#.
.#..## .(.
........
..###......
..#....#.##.
.....##... .
#.......#.. ...
##@w........
.....#.l...#.....
..........†....#
.......#...###.#
.....#######
..... .... #.##
#.


You could see a worm, a leopard gecko and a goblin.

Vanquished Creatures
  A dart slug (D:1)
  A leopard gecko (D:1)
  4 bats (D:1)
  A giant cockroach (D:1)
  2 hobgoblins (D:1)
  2 frilled lizards (D:1)
  4 kobolds (D:1)
  3 rats
18 creatures vanquished.

Notes
Turn   | Place    | Note
-------+----------+-------------------------------------------
     0 | D:1      | shroudfire the Draconian Berserker began the quest for the Orb.
     0 | D:1      | Reached XP level 1. HP: 19/19 MP: 1/1
   160 | D:1      | Reached XP level 2. HP: 20/26 MP: 2/2
   558 | D:2      | Slain by a worm

Vault maps used:
D:1:      evilmike_arrival_hilbert_curve
D:2:      cheibrodos_pilgrimage, lemuel_crystal_altar,
          okawaru_ov_weapons_minmay, first_bread, uniq_robin, uniq_jessica

Skill      XL: |  1  2 |
---------------+-------+-----
Dodging        | 3 |  3.1
Fighting       | |  3.4
Long Blades    | |  3.4

Action                   || total
-------------------------++-------
Melee: Falchion          ||    32
       Tailslap          ||     2
Armor: Skin              ||    18
Dodge: Dodged            ||    31
       Rpst.: Falchion   ||    13

Table legend:
 A = Spawn XP
 B = Non-spawn XP
 C = Spawn XP percentage of total XP
 D = Spawn monster count
 E = Non-spawn monster count
 F = Spawn count percentage of total count
 G = Total turns spent on level
                    A         B        C        D         E        F      G
               +---------+---------+-------+---------+---------+-------+---------
         Total |       0 |      29 |   0.0 |       0 |      18 |   0.0 |   558
               +---------+---------+-------+---------+---------+-------+---------
           D:1 |       0 |      28 |   0.0 |       0 |      17 |   0.0 |   545
           D:2 |       0 |       1 |   0.0 |       0 |       1 |   0.0 |    13
               +---------+---------+-------+---------+---------+-------+---------
